 Dungeon Crawl Stone Soup version 0.29.1-1-gd02db6906a (webtiles) character file.

Game seed: 3474636762944203564

73991 boopmooplesden the Impaler (level 15, -4/143 HPs)
             Began as a Minotaur Berserker on Oct 14, 2022.
             Was an Elder of Trog.
             Slain by an orc warrior
             ... wielding a +0 vorpal trident
             ... led by an orc knight
              (8 damage)
             ... on level 1 of the Orcish Mines.
             The game lasted 00:39:32 (24348 turns).

boopmooplesden the Impaler (Minotaur Berserker)    Turns: 24348, Time: 00:39:33

Health: -4/143     AC: 22    Str: 31    XL:     15   Next: 5%
Magic:  1/14       EV: 14    Int:  4    God:    Trog [****..]
Gold:   1364       SH:  0    Dex: 15    Spells: 14/14 levels left

rFire   x . .      SeeInvis .   b - +2 bardiche (flame)
rCold   + + +      Faith    .   (shield currently unavailable)
rNeg    . . .      Spirit   .   T - +0 ice dragon scales
rPois   .          Reflect  .   l - +2 hat
rElec   .          Harm     .   (no cloak)
rCorr   .          Rampage  .   G - +2 pair of gloves {infuse}
Will    +....                   Q - +0 pair of boots
Stlth   +.........              (no amulet)
HPRegen 0.33/turn               f - ring "Tuzich" {Str+4 Dex+3 Slay+4}
MPRegen 0.14/turn               P - ring of protection from cold

@: marked, on berserk cooldown, slowed, very slow
A: horns 2, retaliatory headbutt
a: Renounce Religion, Berserk, Trog's Hand, Brothers in Arms


You were on level 1 of the Orcish Mines.
You worshipped Trog.
Trog was greatly pleased with you.
You visited 3 branches of the dungeon, and saw 17 of its levels.
You also visited: Ice Cave.

You collected 1364 gold pieces.

Inventory:

Hand Weapons
 a - a +4 spear
 b - a +2 bardiche of flaming (weapon)
 w - a +0 halberd
 B - a +3 halberd
 D - a +2 glaive
 F - a +1 trident of flaming
 M - a +2 war axe of flaming
 U - a +2 bardiche of freezing
 X - the +6 spear of Trog's Anger {vorpal, rPois rC- rN+}
   (Trog gifted it to you on level 5 of the Lair of Beasts)

   It inflicts extra damage upon your enemies.
   rC:        It makes you vulnerable to cold.
   rPois:     It protects you from poison.
   rN:        It protects you from negative energy.
Armour
 h - a +2 chain mail of cold resistance
 l - a +2 hat (worn)
 v - a +1 buckler
 G - a +2 pair of gloves of infusion (worn)
 Q - a +0 pair of boots (worn)
 S - a +1 kite shield of cold resistance
 T - +0 ice dragon scales (worn)
Jewellery
 f - the ring "Tuzich" (left hand) {Str+4 Dex+3 Slay+4}
   (You found it on level 3 of the Lair of Beasts)

   [ring of slaying]

   Str:       It affects your strength (+4).
   Dex:       It affects your dexterity (+3).
   Slay:      It affects your accuracy & damage with ranged weapons and melee
   (+4).
 i - a +4 ring of slaying
 m - a ring of see invisible
 q - a +6 ring of dexterity
 C - a ring of poison resistance
 I - the ring "Niyro Zuost" {Int+4 Slay+4}
   (You found it on level 11 of the Dungeon)

   [ring of slaying]

   Int:       It affects your intelligence (+4).
   Slay:      It affects your accuracy & damage with ranged weapons and melee
   (+4).
 K - a +6 ring of dexterity
 P - a ring of protection from cold (right hand)
 Z - a ring of resist corrosion
Wands
 d - a wand of roots (8)
 x - a wand of flame (14)
 A - a wand of quicksilver (9)
 N - a wand of paralysis (14)
 V - a wand of digging (5)
Scrolls
 o - 3 scrolls of teleportation
 p - 7 scrolls of identify
 y - 2 scrolls of blinking
 J - a scroll of silence
 W - a scroll of magic mapping
 Y - a scroll of noise {unknown}
Potions
 c - 9 potions of curing
 e - a potion of invisibility {unknown}
 g - 3 potions of attraction
 j - a potion of cancellation {unknown}
 k - 4 potions of berserk rage
 n - 3 potions of flight
 r - 5 potions of mutation
 s - 3 potions of lignification
 t - a potion of resistance {unknown}
 u - a potion of haste {unknown}
 z - a potion of ambrosia {unknown}
 H - 2 potions of degeneration
 O - 4 potions of brilliance {unknown}
Miscellaneous
 E - a lightning rod (4/4)
 L - a phantom mirror
 R - a condenser vane


   Skills:
 + Level 15.9 Fighting
 + Level 20.4 Polearms
 + Level 15.7 Armour
 + Level 7.3 Dodging
 + Level 3.1 Stealth
 + Level 7.4 Shields
 + Level 1.0 Evocations


You had 14 spell levels left.
You didn't know any spells.
Your spell library was empty.

Dungeon Overview and Level Annotations

Branches:
Dungeon (11/15)            Temple (0/1) D:5            Lair (5/5) D:11
  Swamp (0/4) Lair:3       Spider (0/4) Lair:3        Slime (0/5) Lair:5
    Orc (1/2) D:11          IceCv (visited)

Altars:
Dithmenos
Elyvilon
Gozag
Makhleb
Qazlal
Sif Muna
Trog
Vehumet
Zin
Jiyva

Shops:
D:3 *

Portals:
Hell: Lair:5

Annotations:
Lair:5 1 runed translucent door


Innate Abilities, Weirdness & Mutations

You have a pair of horns on your head.
You reflexively headbutt those who attack you in melee.


Message History

You slice Harold like a ripe choko!!! You burn Harold! You headbutt Harold!
Harold is almost dead.
Harold gestures at you while chanting. The mark upon you grows brighter.
The orc wizard points at you and mumbles some strange words.
The magic dart hits you but does no damage.
The orc knight hits you but does no damage.
The orc warrior misses you.
You hit Harold but do no damage. You headbutt Harold!
Harold is almost dead.
The ogre misses you. You furiously retaliate!
You headbutt the ogre!! The orc wizard casts a spell at you.
The magic dart hits you but does no damage.
The orc knight hits you with a +0 great mace.
* * * LOW HITPOINT WARNING * * *
Harold casts a spell at you. The mark upon you grows brighter.
The orc warrior barely misses you.
You hit Harold. You burn Harold.
You kill Harold!
Trog accepts your kill.
Trog appreciates your killing of a magic user.
Harold gasps with his last breath, "I wish I had worked less..."
The orc knight hits you with a +0 great mace!
* * * LOW HITPOINT WARNING * * *
The orc warrior misses you. The ogre closely misses you.
The orc wizard barely misses you. You furiously retaliate!
You headbutt the orc wizard!
You kill the orc wizard!
Trog accepts your kill.
Trog appreciates your killing of a magic user.
You completely miss the ogre.
The ogre is severely wounded.
The orc warrior no longer looks unusually strong.
The orc knight hits you but does no damage.
The orc warrior barely misses you. The ogre hits you with a +0 giant club!
* * * LOW HITPOINT WARNING * * *
The orc knight roars a battlecry!
The orc warrior goes into a battle-frenzy!
The orc warrior hits you from afar with a +0 vorpal trident!
You die...

... >......#...)) ....
.......##.... .
...###.......#... ..
...#........#... #.
#....####...... #..
####....##......# ##...
#........#....##.
......###......).....#..
#.)@))).........#...
#.)Oo.).)......##...
#...o........>......
.....#...#....#.......
......#.#...#.##.....##
#...#####....###......#
#.... #..... #.......
..... ....... ......
#...


You could see an orc knight, an orc warrior (strong) and an ogre.

Vanquished Creatures
  A frost giant (IceCv)
  A yaktaur captain (D:11)
  2 boulder beetles (D:11)
  An ice dragon (Lair:4)
  Harold (Orc:1)
  An ogre mage (Orc:1)
  6 centaur warriors
  4 hydras
  The ghost of croobank the Nimble, a journeyman FeSu of Gozag (Lair:5)
  A catoblepas (Lair:4)
  6 two-headed ogres
  15 death yaks
  Nergalle (Lair:1)
  Urug (Orc:1)
  A sixfirhy (Lair:5)
  The ghost of zeram the Shield-Bearer, a novice GnFi of Gozag (D:6)
  A bog body (Lair:3)
  A wizard (Lair:5)
  Pikel (D:5)
  A deep elf pyromancer (D:8)
  2 wolf spiders (Lair:1)
  An orc knight (D:11)
  2 cyclopes
  A manticore (D:11)
  An ugly thing (D:11)
  2 moths of wrath (Lair:5)
  12 elephants
  Joseph (D:9)
  2 ice statues
  5 black mambas
  2 orange demons (Lair:5)
  5 cane toads
  13 rime drakes
  Psyche (D:8)
  Maggie (D:7)
  A kobold demonologist (D:11)
  7 komodo dragons
  A red devil (Lair:5)
  4 ice devils
  A hellwing (Lair:5)
  A freezing wraith (Lair:3)
  10 polar bears
  A meliai (D:8)
  7 trolls
  4 hornets
  9 blink frogs
  A shadow (D:10)
  4 spriggans (Lair:5)
  A wraith (D:9)
  4 wyverns
  38 yaks
  5 culicivoras (Lair:3)
  4 fire bats (Lair:5)
  A steam dragon (D:8)
  3 basilisks
  A harpy simulacrum (Lair:3)
  2 acid dragons
  The ghost of CertainDeath the Digger, an amateur GrEE (D:4)
  9 water moccasins
  5 hell hounds (Lair:5)
  8 orc warriors
  2 sky beasts (D:7)
  4 ice beasts
  6 ogres
  3 centaurs
  5 black bears
  33 wolves
  A lemure (D:5)
  2 phantoms
  2 kobold brigands
  12 bullfrogs
  3 necrophages
  4 scorpions
  A two-headed ogre simulacrum (Lair:3)
  13 wights
  12 killer bees
  7 electric eels
  A vampire bat (Orc:1)
  4 howler monkeys
  A centaur zombie (D:4)
  2 gnoll boudas (D:5)
  8 hounds
  A jelly (D:5)
  5 orc priests
  A bullfrog skeleton (D:4)
  A centaur skeleton (D:4)
  4 hell rats (Lair:1)
  3 iguanas
  17 orc wizards
  A spriggan simulacrum (Lair:3)
  A wolf simulacrum (Lair:3)
  Robin (D:4)
  5 gnolls (D:5)
  11 adders
  4 white imps
  2 worms
  4 dart slugs
  55 orcs
  8 endoplasms
  3 giant cockroaches
  11 goblins
  11 hobgoblins
  5 jackals
  8 kobolds
  7 quokkas
  5 ball pythons
  10 bats
  2 frilled lizards
  4 rats
548 creatures vanquished.

Vanquished Creatures (others)
  10 fungi
  20 plants
30 creatures vanquished.

Grand Total: 578 creatures vanquished

Notes
Turn   | Place    | Note
-------+----------+-------------------------------------------
     0 | D:1      | boopmooplesden the Minotaur Berserker began the quest for
                  | the Orb.
     0 | D:1      | Reached XP level 1. HP: 19/19 MP: 0/0
   304 | D:1      | Reached XP level 2. HP: 25/27 MP: 1/1
   387 | D:1      | Reached skill level 4 in Polearms
   479 | D:1      | Found a faded altar of an unknown god.
   902 | D:2      | Reached XP level 3. HP: 29/33 MP: 2/2
  1561 | D:2      | Reached ** piety under Trog
  1562 | D:2      | Reached XP level 4. HP: 32/41 MP: 3/3
  2233 | D:3      | Found Ceuk's General Store.
  2261 | D:3      | Reached skill level 5 in Polearms
  2525 | D:3      | Noticed a necrophage
  2531 | D:3      | Killed a necrophage
  2532 | D:3      | Reached XP level 5. HP: 40/47 MP: 4/4
  2793 | D:4      | Reached skill level 5 in Fighting
  2794 | D:4      | Reached skill level 1 in Stealth
  3004 | D:4      | Reached skill level 6 in Polearms
  3052 | D:4      | Noticed Robin
  3063 | D:4      | Killed Robin
  3064 | D:4      | Reached XP level 6. HP: 56/56 MP: 5/5
  3350 | D:4      | Noticed CertainDeath's ghost (amateur GrEE)
  3351 | D:4      | Found a transporter.
  3374 | D:4      | Found a transporter.
  3638 | D:4      | Killed CertainDeath's ghost
  3639 | D:4      | Reached skill level 7 in Polearms
  3641 | D:4      | Reached XP level 7. HP: 62/62 MP: 6/6
  3690 | D:5      | Entered Level 5 of the Dungeon
  3764 | D:5      | Reached *** piety under Trog
  3874 | D:5      | Reached skill level 8 in Polearms
  4175 | D:5      | Reached XP level 8. HP: 71/71 MP: 7/7
  4205 | D:5      | Found a staircase to the Ecumenical Temple.
  4265 | D:5      | Reached skill level 5 in Armour
  4266 | D:5      | Noticed Pikel
  4281 | D:5      | Reached skill level 9 in Polearms
  4286 | D:5      | Killed Pikel
  4287 | D:5      | Reached skill level 1 in Shields
  4295 | D:5      | Found a glowing silver altar of Zin.
  4585 | D:5      | Reached skill level 10 in Polearms
  4672 | D:5      | Reached XP level 9. HP: 79/79 MP: 8/8
  4995 | D:6      | Noticed a two-headed ogre
  5002 | D:6      | Killed a two-headed ogre
  5003 | D:6      | Reached skill level 11 in Polearms
  5224 | D:6      | Found a large runed translucent door.
  5224 | D:6      | Found a large runed translucent door.
  5227 | D:6      | Noticed zeram's ghost (novice GnFi)
  5422 | D:6      | Killed zeram's ghost
  5477 | D:7      | Reached skill level 12 in Polearms
  5477 | D:7      | Reached XP level 10. HP: 80/88 MP: 9/9
  5535 | D:7      | Reached **** piety under Trog
  5678 | D:7      | Noticed Maggie
  5689 | D:7      | Killed Maggie
  6163 | D:7      | Reached skill level 5 in Shields
  6386 | D:8      | Noticed a deep elf pyromancer
  6386 | D:8      | Noticed a centaur warrior
  6392 | D:8      | Killed a centaur warrior
  6397 | D:8      | Killed a deep elf pyromancer
  6490 | D:8      | Noticed a cyclops
  6498 | D:8      | Killed a cyclops
  6499 | D:8      | Reached skill level 5 in Dodging
  6527 | D:8      | Noticed a six-headed hydra
  6545 | D:8      | Reached skill level 10 in Armour
  6547 | D:8      | HP: 3/136 [six-headed hydra (8)]
  6550 | D:8      | Killed a six-headed hydra
  6551 | D:8      | Reached skill level 13 in Polearms
  7004 | D:8      | Noticed Psyche
  7014 | D:8      | Killed Psyche
  7015 | D:8      | Reached XP level 11. HP: 82/97 MP: 10/10
  7115 | D:8      | Found a shadowy altar of Dithmenos.
  7286 | D:8      | Noticed a centaur warrior
  7296 | D:8      | Killed a centaur warrior
  7656 | D:8      | Found an opulent altar of Gozag.
  7685 | D:8      | Found a stormy altar of Qazlal.
  7756 | D:8      | Found a white marble altar of Elyvilon.
  7839 | D:8      | Reached skill level 10 in Fighting
  8407 | D:9      | Noticed Joseph
  8728 | D:9      | Killed Joseph
  9754 | D:10     | Entered Level 10 of the Dungeon
 10107 | D:10     | Noticed a two-headed ogre
 10114 | D:10     | Killed a two-headed ogre
 10402 | D:10     | Found a glowing silver altar of Zin.
 10696 | D:10     | Found a radiant altar of Vehumet.
 10755 | D:11     | Identified the ring "Niyro Zuost" {Int+4 Slay+4}
 10832 | D:11     | Noticed a two-headed ogre
 10837 | D:11     | Noticed a two-headed ogre
 10851 | D:11     | Killed a two-headed ogre
 10855 | D:11     | Killed a two-headed ogre
 11230 | D:11     | Found a staircase to the Orcish Mines.
 11293 | D:11     | Noticed a cyan ugly thing
 11298 | D:11     | Killed a cyan ugly thing
 11528 | D:11     | Reached skill level 14 in Polearms
 11543 | D:11     | Reached XP level 12. HP: 61/110 MP: 9/11
 11745 | D:11     | Found a staircase to the Lair.
 12122 | D:11     | Reached ***** piety under Trog
 12135 | D:11     | Noticed a centaur warrior
 12139 | D:11     | Killed a centaur warrior
 12143 | D:11     | Noticed a centaur warrior
 12143 | D:11     | Noticed a yaktaur captain
 12154 | D:11     | Killed a yaktaur captain
 12481 | D:11     | Noticed a centaur warrior
 12487 | D:11     | Killed a centaur warrior
 12566 | D:11     | Noticed a centaur warrior
 12572 | D:11     | Killed a centaur warrior
 12576 | D:11     | Reached skill level 15 in Polearms
 12577 | D:11     | Killed a centaur warrior
 12585 | D:11     | Noticed a boulder beetle
 12676 | D:11     | Killed a boulder beetle
 12677 | D:11     | Reached skill level 1 in Evocations
 12895 | D:11     | Noticed a boulder beetle
 12907 | D:11     | Killed a boulder beetle
 13211 | Lair:1   | Entered Level 1 of the Lair of Beasts
 14017 | Lair:1   | Noticed Nergalle
 14022 | Lair:1   | Killed Nergalle
 14023 | Lair:1   | Reached skill level 16 in Polearms
 14914 | Lair:2   | Reached XP level 13. HP: 109/119 MP: 7/12
 15303 | Lair:2   | Found a shimmering blue altar of Sif Muna.
 16201 | Lair:3   | Reached skill level 17 in Polearms
 16217 | Lair:3   | Found a staircase to the Swamp.
 16500 | Lair:3   | Received a gift from Trog
 16870 | Lair:3   | Found a hole to the Spider Nest.
 18363 | Lair:3   | Identified the ring "Tuzich" {Str+4 Dex+3 Slay+4}
 18941 | Lair:4   | Reached skill level 18 in Polearms
 18961 | Lair:4   | Found a frozen archway.
 19026 | IceCv    | Entered an ice cave
 19551 | IceCv    | Reached XP level 14. HP: 97/133 MP: 2/13
 19862 | IceCv    | Reached skill level 15 in Armour
 20318 | IceCv    | Noticed a frost giant
 20328 | IceCv    | Killed a frost giant
 20341 | IceCv    | Reached skill level 19 in Polearms
 21265 | Lair:5   | Entered Level 5 of the Lair of Beasts
 21310 | Lair:5   | Reached skill level 15 in Fighting
 21718 | Lair:5   | Identified the +6 spear of Trog's Anger {vorpal, rPois rC-
                  | rN+} (Trog gifted it to you on level 5 of the Lair of
                  | Beasts)
 21718 | Lair:5   | Received a gift from Trog
 22064 | Lair:5   | Found a runed translucent door.
 22064 | Lair:5   | Found a viscous altar of Jiyva.
 22065 | Lair:5   | Found a staircase to the Slime Pits.
 22413 | Lair:5   | Noticed croobank's ghost (journeyman FeSu)
 22428 | Lair:5   | Found a bloodstained altar of Trog.
 22434 | Lair:5   | Found a transporter.
 22441 | Lair:5   | Found a transporter.
 22840 | Lair:5   | Killed croobank's ghost
 23123 | Lair:5   | Reached skill level 20 in Polearms
 23370 | Lair:5   | Found a burning altar of Makhleb.
 23409 | Lair:5   | Found a gateway to Hell.
 23758 | Orc:1    | Entered Level 1 of the Orcish Mines
 24316 | Orc:1    | Noticed Urug
 24319 | Orc:1    | Killed Urug
 24332 | Orc:1    | Reached XP level 15. HP: 143/143 MP: 11/14
 24333 | Orc:1    | Noticed Harold
 24347 | Orc:1    | Killed Harold
 24348 | Orc:1    | HP: 4/143 [ogre/+0 giant club (12)]
 24348 | Orc:1    | Slain by an orc warrior

Illustrated notes

Levels and vault maps discovered:
D:1:      dpeg_arrival_shrine, layout_rooms, ebering_ecumenical_altar_mist,
          minmay_misc_feat_tower, minmay_misc_feat_room, minmay_misc_feat_doors
D:2:      layout_loops_ring
D:3:      layout_loops_ring, serial_shops, shop, kennysheep_generic_room_10
D:4:      layout_gridville, gammafunk_ghost_mausoleum, minmay_liquid_box,
          uniq_robin
D:5:      layout_basic, minmay_temple_entry_antechambers, minmay_ruined_shrine,
          uniq_pikel
D:6:      layout_basic, ebering_ghost_disaster_area
D:7:      minmay_spotlight, layout_loops_ring, uniq_maggie
D:8:      minmay_diamond_stairs, layout_basic, grunt_dithmenos_shadows,
          mainiacjoe_overflow_surrounded_room, mainiacjoe_overflow_swirl,
          nicolae_lava_and_water, uniq_psyche
D:9:      layout_long_grid, uniq_joseph
D:10:     layout_cave_pools, lemuel_tele_altar, zin_statuary, roderic_lattice_a
D:11:     cheibrodos_helix_gallery, layout_basic, erik_lair_island,
          serial_glass, glass_columns_a, glass_columns_c, glass_columns_c,
          item_on_display_a, due_unseen_surprise, minmay_evil_grid
Lair:1:   layout_regular_city, nicolae_lair_run_with_the_wolves, uniq_nergalle
Lair:2:   layout_roguey, basic_altar
Lair:3:   dreamdust_isle_of_ice, layout_cave_pods, swamp_mist,
          hellmonk_spider_entry_life_and_decay, minmay_hedge_maze,
          beast_lair_carwin_9
Lair:4:   layout_long_grid, portal_ice_cave_entry_animals_and_master
Lair:5:   evil_forest, layout_gridlike, slime_entry_2,
          gammafunk_ghost_wrathful_warriors, serial_bayou, serial_bayou_pond_c,
          serial_bayou_pond_a, serial_bayou_shore_a, serial_bayou_pond_d,
          serial_bayou_lagoon_a, serial_bayou_pond_c, minivault_27,
          minmay_stone_trees_small
Orc:1:    layout_diamond_mine, roderic_batcave, uniq_urug, uniq_harold

Skill      XL: |  1  2  3  4  5  6  7  8  9 10 11 12 13 14 |
---------------+-------------------------------------------+-----
Fighting       | 4 5 6 7 8 9 11 12 14 15 | 15.9
Polearms       | 4 5 6 7 8 10 12 13 14 16 18 20 | 20.4
Dodging        | 3 4 5 6 7 |  7.3
Stealth        | 1 2 3 |  3.1
Armour         | 3 4 6 8 10 12 13 14 15 | 15.7
Shields        | 2 4 6 7 |  7.4
Evocations     | 1 |  1.0

Action                   |  1- 3 |  4- 6 |  7- 9 | 10-12 | 13-15 || total
-------------------------+-------+-------+-------+-------+-------++-------
Melee: Spear             |    74 |    92 |   183 |   242 |       ||   591
       Headbutt          |     6 |    20 |    44 |   100 |   120 ||   290
       Punch             |       |     1 |       |       |       ||     1
       Glaive            |       |       |       |   216 |   102 ||   318
       Bardiche          |       |       |       |       |   436 ||   436
Invok: Berserk           |       |     3 |     4 |    15 |    17 ||    39
       Brothers in Arms  |       |       |       |     1 |     1 ||     2
       Trog's Hand       |       |       |       |       |     1 ||     1
Evoke: Wand              |       |       |       |     3 |       ||     3
  Use: Scroll            |     5 |     5 |     6 |     7 |    13 ||    36
       Potion            |       |       |       |     2 |     5 ||     7
 Stab: Sleeping          |     1 |       |       |       |       ||     1
Armor: Animal skin       |    15 |     6 |       |       |       ||    21
       Chain mail        |       |    29 |    49 |   252 |   309 ||   639
       Ice dragon scales |       |       |       |       |   183 ||   183
Dodge: Dodged            |    37 |    48 |    46 |   228 |   427 ||   786
Block: Buckler           |       |       |    20 |    61 |       ||    81
